 Dungeon Crawl Stone Soup version 0.29-a0-210-g9445043ebc (webtiles) character file.

Game seed: 16814869428167684905

37062 trunkbug the Severer (level 13, 0/72 HPs)
             Began as an Octopode Chaos Knight on Feb 24, 2022.
             Was an Elder of Uskayaw.
             Succumbed to a cane toad's poison
             ... on level 4 of the Lair of Beasts.
             The game lasted 00:42:14 (22849 turns).

trunkbug the Severer (Octopode Chaos Knight)       Turns: 22849, Time: 00:42:15

Health: 0/72       AC:  7    Str:  9 (10) XL:     13   Next: 94%
Magic:  2/19       EV: 20    Int: 15 (17) God:    Uskayaw [****..]
Gold:   1231       SH:  0    Dex: 15      Spells: 14/20 levels left

rFire   . . .      SeeInvis +   m - +1 broad axe (freeze)
rCold   . . .      Faith    .   (no shield)
rNeg    . . .      Spirit   +   C - +2 hat {SInv}
rPois   +          Reflect  .   z - amulet of guardian spirit
rElec   .          Harm     .   p - +4 ring of protection
rCorr   +          Rampage  .   q - ring of resist corrosion
Will    .....                   r - +6 ring of dexterity
Stlth   ++........              J - ring of see invisible
HPRegen 0.22/turn               V - +2 ring of evasion
MPRegen 0.16/turn               W - +2 ring of slaying
                                Y - ring of poison resistance
                                (no ring)

@: lethally poisoned (0 -> -4), frozen, very slow
A: almost no armour, amphibious, 8 rings, camouflage 1, gelatinous body 1,
(nimble swimmer 1), tentacles, clumsy 1, deterioration 1, frail 2, screaming 1,
weak 2
a: Renounce Religion, Stomp, Line Pass


You were on level 4 of the Lair of Beasts.
You worshipped Uskayaw.
Uskayaw was noncommittal.
You visited 3 branches of the dungeon, and saw 17 of its levels.
You also visited: Gauntlet.

You collected 1750 gold pieces.
You spent 519 gold pieces at shops.

Inventory:

Hand Weapons
 h - a +2 flail of venom
 m - a +1 broad axe of freezing (weapon)
 O - a +3 battleaxe
 S - a +2 flail of protection
 T - a +1 morningstar of holy wrath
 Z - the +12 whip of Ashenzari's Reproof {vorpal, *Rage rElec rPois rN+}
   (You found it on level 3 of the Lair of Beasts)

   It inflicts extra damage upon your enemies.
   rElec:     It insulates you from electricity.
   rPois:     It protects you from poison.
   rN:        It protects you from negative energy.
   *Rage:     It berserks you when you make melee attacks (+20% chance).
Missiles
 e - 6 throwing nets (quivered) {!f}
 i - 5 atropa-tipped darts
 R - a curare-tipped dart
Armour
 C - a +2 hat of see invisible (worn)
Magical Staves
 B - a staff of cold
Jewellery
 o - the necklace of Bloodlust {*Rage Will++ Int-3 Slay+6}
   (You took it off a minotaur in a Gauntlet)

   [amulet of nothing]

   It extends the wearer's berserk rage when killing foes.
   Int:       It affects your intelligence (-3).
   Slay:      It affects your accuracy & damage with ranged weapons and melee
   (+6).
   *Rage:     It berserks you when you make melee attacks (+50% chance).
   Will:      It greatly increases your willpower.
 p - a +4 ring of protection (left tentacle)
 q - a ring of resist corrosion (right tentacle)
 r - a +6 ring of dexterity (on tentacle)
 s - a ring of positive energy
 u - an amulet of the acrobat
 z - an amulet of guardian spirit (around mantle)
 J - a ring of see invisible (on tentacle)
 K - an amulet of regeneration
 V - a +2 ring of evasion (on tentacle)
 W - a +2 ring of slaying (on tentacle)
 X - a ring of fire
 Y - a ring of poison resistance (on tentacle)
Wands
 d - a wand of acid (10) {@v1}
 y - a wand of polymorph (7)
 E - a wand of digging (3) {@v3}
 H - a wand of paralysis (2)
 M - a wand of charming (7)
Scrolls
 a - a scroll of identify {@r1}
 b - 3 scrolls of fog
 c - a scroll of enchant weapon
 j - 2 scrolls of holy word
 k - a scroll of enchant armour
 l - 5 scrolls of teleportation {@r3}
 t - 2 scrolls of magic mapping {@r5}
 v - a scroll of torment {unknown}
 A - 3 scrolls of immolation
 D - 4 scrolls of blinking {@r4}
 L - a scroll of summoning {unknown}
Potions
 g - 7 potions of ambrosia
 n - 2 potions of haste {@q4}
 w - 2 potions of attraction
 x - 4 potions of curing {@q1}
 F - 4 potions of heal wounds {@q2}
 G - 2 potions of cancellation
 I - 2 potions of might {@q3}
 N - a potion of magic
Miscellaneous
 f - a condenser vane


   Skills:
 + Level 9.7 Fighting
 - Level 15.8(16.0) Axes
 - Level 3.0(10.7) Polearms
 * Level 10.6 Dodging
 - Level 4.0 Spellcasting
 - Level 2.0 Transmutations
 - Level 5.0 Ice Magic
 - Level 6.0 Invocations
 - Level 6.6 Evocations


You had 14 spell levels left.
You knew the following spells:

 Your Spells              Type           Power      Damage    Failure   Level
a - Wereblood             Tmut           9%         N/A       12%         2
b - Beastly Appendage     Tmut           18%        N/A       8%          1
c - Frozen Ramparts       Ice            36%        1d5       7%          3

Your spell library contained the following spells:

 Spells                   Type           Power      Damage    Failure   Level
 Ensorcelled Hibernation  Hex/Ice        20%        N/A       10%         2
 Foxfire                  Conj/Fire      12%        2x1d4     19%         1
 Passwall                 Tmut/Erth      5%         N/A       19%         2
 Scorch                   Fire           6%         2d5       26%         2
 Spider Form              Tmut/Pois      6%         N/A       34%         3
 Ice Form                 Ice/Tmut       13%        N/A       38%         4
 Conjure Flame            Conj/Fire      3%         6-21      47%         3
 Inner Flame              Hex/Fire       3%         N/A       47%         3
 Swiftness                Air            3%         N/A       47%         3
 Summon Ice Beast         Ice/Summ       10%        N/A       54%         4
 Animate Dead             Necr           1%         N/A       87%         4
 Flame Wave               Conj/Fire      3%         2d4       87%         4
 Summon Cactus Giant      Summ           1%         N/A       100%        6
 Haunt                    Necr/Summ      1%         N/A       100%        7
 Infestation              Necr           1%         N/A       100%        8


Dungeon Overview and Level Annotations

Branches:
Dungeon (12/15)            Temple (1/1) D:4            Lair (4/6) D:11
 Shoals (0/4) Lair:2        Snake (0/4) Lair:2          Orc (0/2) D:9
Gauntlet (visited)

Altars:
Ashenzari
Cheibriados
Dithmenos
Elyvilon
Fedhas
Gozag
Hepliaklqana
Kikubaaqudgha
Makhleb
Nemelex Xobeh
Okawaru
Qazlal
Ru
Sif Muna
Trog
Uskayaw
Vehumet
Wu Jian
Xom
Yredelemnul
Zin
The Shining One
Beogh

Shops:
D:3 *   D:4 (=:   D:6 *   D:8 =

Annotations:
D:7 exclusion: two-headed ogre
D:9 3 runed translucent doors, Cab's ghost, novice DsFi; raistware's ghost, novice DEFE
D:11 1 runed translucent door, exclusion: hydra, Astera's ghost, journeyman PaFi
D:12 Fannar


Innate Abilities, Weirdness & Mutations

You cannot wear most types of armour.
You are amphibious.
You can wear up to eight rings at the same time.
Your skin changes colour to match your surroundings (Stealth+).
Your rubbery body absorbs attacks. (AC +1, EV +1)
((You are camouflaged when in or above water. (Stealth+)))
You have tentacles for arms and can constrict up to eight enemies at once.
You are clumsy. (Dex -2)
Your body sometimes deteriorates upon taking damage.
You are very frail. (-20% HP)
You occasionally shout uncontrollably at your foes.
You are very weak. (Str -4)


Message History

You barely miss the cane toad. Your grab misses the cane toad.
The wall freezes the cane toad.
You barely miss the cane toad. Your grab misses the cane toad.
The cane toad is no longer moving slowly.
The cane toad stings you!
You hit the cane toad but do no damage. Your grab misses the cane toad.
You hit the cane toad but do no damage. The cane toad closely misses you.
The cane toad misses you.
You completely miss the cane toad. You grab the cane toad.
You hit the cane toad. You freeze the cane toad. You constrict the cane toad.
The cane toad stings you!
You are poisoned.
The cane toad poisons you! The cane toad stings you.
Uskayaw will force your foes to helplessly watch your dance.
Uskayaw prepares the audience for your solo!
The helpless cane toad fails to defend itself.
You hit the cane toad. You freeze the cane toad.
The helpless cane toad fails to defend itself.
You slice the cane toad!! You freeze the cane toad.
You kill the cane toad!
You constrict the cane toad, but do no damage.
You feel very sick.
The helpless cane toad fails to defend itself.
You slice the cane toad!! You freeze the cane toad.
You kill the cane toad!
The frozen ramparts melt away.
You feel very sick.
A rime drake comes into view.
Uskayaw will force your foes to share their pain.
You feel sick.
You see here a cane toad corpse.
Found 21 gold pieces.
You feel sick.
You feel sick.
You hit the rime drake.
You feel sick. The rime drake breathes ice at you. The flash freeze hits you!!
* * * LOW HITPOINT WARNING * * *
Your body deteriorates!
You feel dopey.
You are encased in ice.
You slash the rime drake! You freeze the rime drake.
You die...

...#..≈≈......♣.♣♣**,,** *,,,,,*
...#..♣≈≈♣♣♣♣..♣♣*,,,,,****,**,**
..#.#.♣♣#.♣♣.#.# ***,*,,**,,,*,**
...†.####.....### *##*,**,,,,,,**
..#.....#.#.....###.#..,,,,,,,,,*
#÷÷###...#.............,,,*,*,,,,
#.#.#*...##..#.†..###.,*,****,,,,
.÷.##**...####.†...#*,*,*****,,,*
#.## *,,..##....@.##****,*,,,*,,*
..# ***#.......k..#* *,,,,,,,,,*
..## #..#........# **,,,*,*,,*
...# ##.........## *,,,****,,*
...## #..##...$.#* *,,,***,,**
....# ##.,.#.....***,*,,,**,*
##### *$,.###.#.##*,***,***,*
**..,*###..,,** *,,*,,** **,,,,*
*,,*,*,***,**,,,*


You could see a rime drake.

Vanquished Creatures
  Gastronok (Lair:1)
  A minotaur (Gauntlet)
  Harold (D:8)
  A boulder beetle (D:12)
  3 hydras
  Erica (D:8)
  4 two-headed ogres
  2 manticores
  3 ugly things
  2 black mambas
  9 komodo dragons
  11 cane toads
  4 rime drakes
  2 kobold demonologists (D:11)
  A queen bee (shapeshifter) (Gauntlet)
  3 polar bears
  3 trolls
  A queen bee (Lair:3)
  A hornet (D:9)
  A raiju (Gauntlet)
  11 blink frogs
  27 yaks
  A fire bat (Lair:4)
  2 wyverns
  2 wraiths
  2 vampire mosquitoes (D:12)
  Grum (D:7)
  2 basilisks
  2 steam dragons
  A large abomination (Gauntlet)
  An acid dragon (D:8)
  7 water moccasins
  A swamp drake (Lair:4)
  2 black bears
  14 orc warriors
  A sky beast (D:7)
  An ice beast (D:6)
  An ogre (D:7)
  20 wolves
  2 centaurs
  3 phantoms
  3 kobold brigands
  11 bullfrogs
  A wyvern zombie (D:8)
  6 small abominations (Gauntlet)
  A gnoll sergeant (D:7)
  3 scorpions
  A water moccasin skeleton (D:5)
  17 killer bees
  5 wights (D:7)
  2 howler monkeys (D:7)
  A bullfrog zombie (D:5)
  7 centaur zombies
  3 jellies
  6 hounds
  Crazy Yiuf (D:7)
  A gnoll shaman (D:9)
  9 orc priests
  A bullfrog skeleton (D:5)
  4 iguanas
  10 orc wizards
  2 scorpion zombies (D:5)
  A lightning spire (Gauntlet)
  A killer bee zombie (D:7)
  A hound zombie (D:5)
  A hound skeleton (D:4)
  2 howler monkey zombies
  10 adders
  12 gnolls
  A howler monkey skeleton (D:7)
  2 ufetubi
  An adder skeleton (D:4)
  2 dart slugs (D:1)
  72 orcs
  8 ball pythons
  6 bats
  8 endoplasms
  3 giant cockroaches
  13 goblins
  13 hobgoblins
  8 jackals
  5 quokkas
  5 frilled lizards
  30 kobolds
  2 rats
461 creatures vanquished.

Vanquished Creatures (collateral kills)
  An entropy weaver (shapeshifter) (Gauntlet)
1 creature vanquished.

Vanquished Creatures (others)
  An ogre (D:5)
  An orc priest (D:5)
  A hound skeleton (D:5)
  A shadow imp (D:5)
  46 fungi
  55 plants
  6 withered plants (D:9)
111 creatures vanquished.

Grand Total: 573 creatures vanquished

Notes
Turn   | Place    | Note
-------+----------+-------------------------------------------
     0 | D:1      | trunkbug the Octopode Chaos Knight began the quest for the
                  | Orb.
     0 | D:1      | Reached XP level 1. HP: 16/16 MP: 1/1
   245 | D:1      | Reached XP level 2. HP: 17/21 MP: 2/2
   976 | D:2      | Reached XP level 3. HP: 16/27 MP: 3/3
  1005 | D:2      | HP: 1/27 [poisoned by an adder]
  1147 | D:1      | XOM: divination: detect creatures
  1387 | D:2      | XOM: cloud trail
  1457 | D:2      | XOM: divination: detect items
  1458 | D:2      | Reached XP level 4. HP: 32/34 MP: 4/4
  1612 | D:2      | XOM is BORED!
  1745 | D:2      | Found a faded altar of an unknown god.
  1912 | D:3      | XOM: divination: detect items
  2100 | D:3      | XOM: stat loss: -1 Dex (16/17)
  2149 | D:3      | Found Gozag's Platinum Reserve.
  2149 | D:3      | Found an opulent altar of Gozag.
  2149 | D:3      | XOM: 2-stop teleportation journey
  2252 | D:3      | Learned a level 2 spell: Wereblood
  2254 | D:3      | Learned a level 1 spell: Beastly Appendage
  2617 | D:3      | Reached XP level 5. HP: 38/38 MP: 5/5
  2736 | D:4      | Reached skill level 5 in Fighting
  2951 | D:4      | Found a staircase to the Ecumenical Temple.
  2955 | D:4      | XOM: 1-stop teleportation journey
  2973 | D:4      | Reached XP level 6. HP: 42/45 MP: 6/6
  3035 | Temple   | Entered the Ecumenical Temple
  3213 | Temple   | Fell from the grace of Xom
  3213 | Temple   | Became a worshipper of Uskayaw the Reveller
  3287 | D:5      | Entered Level 5 of the Dungeon
  3340 | D:5      | Reached * piety under Uskayaw
  3345 | D:5      | Reached ** piety under Uskayaw
  3348 | D:5      | Reached *** piety under Uskayaw
  3376 | D:5      | Found a blossoming altar of Fedhas.
  3680 | D:5      | Reached skill level 1 in Invocations
  4214 | D:5      | Reached skill level 1 in Spellcasting
  4214 | D:5      | Reached skill level 1 in Transmutations
  4214 | D:5      | Reached skill level 1 in Ice Magic
  4214 | D:5      | Reached XP level 7. HP: 52/52 MP: 8/8
  4338 | D:5      | Found a shimmering altar of Xom.
  4354 | D:5      | Reached **** piety under Uskayaw
  4769 | D:5      | XOM: noise
  5003 | D:5      | XOM: summons 2 hostile demons
  5405 | D:5      | XOM: summons 5 hostile demons
  5436 | D:5      | XOM: scenery: create altars
  5464 | D:5      | Learned a level 3 spell: Frozen Ramparts
  5632 | D:4      | Found a white marble altar of Elyvilon.
  5643 | D:4      | XOM: give mutations
  5643 | D:4      | Gained mutation: You are clumsy. (Dex -2) [Xom's mischief]
  5643 | D:4      | Gained mutation: You are very clumsy. (Dex -4) [Xom's
                  | mischief]
  5643 | D:4      | Lost mutation: You are very clumsy. (Dex -4) [Xom's
                  | mischief]
  5801 | D:4      | Reached XP level 8. HP: 47/57 MP: 10/12
  5930 | D:4      | Found Gayg's Book Emporium.
  5932 | D:4      | Found Piceposy's Antique Weapon Boutique.
  5932 | D:4      | Found Lutatail's Jewellery Shop.
  5986 | D:4      | Bought a ring of see invisible for 150 gold pieces
  5987 | D:4      | XOM: give mutations
  5987 | D:4      | Gained mutation: You are frail. (-10% HP) [Xom's mischief]
  5987 | D:4      | Gained mutation: You have a pair of small antennae on your
                  | head. [Xom's mischief]
  5987 | D:4      | Gained mutation: You are weak. (Str -2) [Xom's mischief]
  6120 | D:6      | Found a hazy altar of Hepliaklqana.
  6153 | D:6      | Noticed a troll
  6204 | D:6      | Found a glowing golden altar of the Shining One.
  6232 | D:6      | Reached skill level 1 in Evocations
  6239 | D:6      | XOM: 3-stop teleportation journey
  6708 | D:7      | XOM: 2-stop teleportation journey
  7049 | D:7      | Found a stormy altar of Qazlal.
  7051 | D:7      | Noticed a water elemental
  7051 | D:7      | Noticed an air elemental
  7103 | D:7      | Found an iron altar of Okawaru.
  7117 | D:7      | Found a burning altar of Makhleb.
  7168 | D:7      | Found a runed translucent door.
  7169 | D:7      | Noticed Crazy Yiuf
  7177 | D:7      | Killed Crazy Yiuf
  7258 | D:7      | Reached XP level 9. HP: 38/55 MP: 9/14
  7371 | D:7      | Reached skill level 5 in Ice Magic
  7530 | D:7      | Noticed a two-headed ogre
  7672 | D:7      | XOM: stat loss: -3 Dex (12/15)
  7792 | D:7      | Found an ancient bone altar of Kikubaaqudgha.
  7801 | D:7      | Reached skill level 5 in Evocations
  8203 | D:7      | XOM: give mutations
  8203 | D:7      | Gained mutation: Your body sometimes deteriorates upon
                  | taking damage. [Xom's mischief]
  8203 | D:7      | Gained mutation: You are very weak. (Str -4) [Xom's
                  | mischief]
  8209 | D:7      | Found a sparkling altar of Nemelex Xobeh.
  8490 | D:7      | Reached skill level 5 in Invocations
  8677 | D:6      | Killed a troll
  8739 | D:6      | Found Iraiwn's CLEARANCE SALE!.
  8747 | D:6      | Bought a scroll of identify for 8 gold pieces
  8747 | D:6      | Bought a scroll of fog for 8 gold pieces
  8747 | D:6      | Bought a potion of curing for 12 gold pieces
  9045 | D:6      | Found a sparkling altar of Nemelex Xobeh.
  9215 | D:8      | Noticed Grum
  9651 | D:7      | Killed Grum
  9652 | D:7      | Reached skill level 1 in Axes
  9908 | D:8      | Noticed Maurice
  9909 | D:8      | Noticed Maurice
  9909 | D:8      | Maurice changed into Maurice the hound
  9913 | D:8      | Killed Maurice the hound
  9914 | D:8      | Reached skill level 2 in Axes
 10094 | D:8      | XOM: 4-stop teleportation journey
 10302 | D:8      | XOM: stat loss: -2 Dex (13/15)
 10378 | D:8      | Found Tid Kuma's One-of-a-Kind Rings.
 10382 | D:8      | Bought a +2 ring of evasion for 110 gold pieces
 10382 | D:8      | Bought a +2 ring of slaying for 231 gold pieces
 10453 | D:8      | Noticed a two-headed ogre
 10544 | D:8      | Reached skill level 3 in Axes
 10651 | D:8      | Killed a two-headed ogre
 10652 | D:8      | Reached skill level 4 in Axes
 10652 | D:8      | Reached skill level 5 in Dodging
 10652 | D:8      | Reached XP level 10. HP: 16/62 MP: 3/16
 10978 | D:8      | Noticed a two-headed ogre
 10989 | D:8      | Killed a two-headed ogre
 10990 | D:8      | Reached skill level 5 in Axes
 11212 | D:8      | XOM: give mutations
 11212 | D:8      | Gained mutation: You are very frail. (-20% HP) [Xom's
                  | mischief]
 11212 | D:8      | Lost mutation: You have a pair of small antennae on your
                  | head. [Xom's mischief]
 11259 | D:8      | Noticed a catoblepas
 11615 | D:8      | Noticed Erica
 11833 | D:8      | XOM: god gift: scroll of fear
 12048 | D:8      | XOM: cloud trail
 12050 | D:8      | Found a broken altar of Ashenzari.
 12253 | D:8      | Noticed Harold
 12302 | D:8      | XOM: summons 7 friendly demons
 12311 | D:8      | Killed Erica
 12312 | D:8      | Reached skill level 6 in Axes
 12486 | D:8      | XOM: give mutations
 12486 | D:8      | Gained mutation: You have hidden genetic potential. [Xom's
                  | mischief]
 12486 | D:8      | Lost mutation: You have hidden genetic potential. [Xom's
                  | mischief]
 12486 | D:8      | Gained mutation: You occasionally shout uncontrollably at
                  | your foes. [Xom's mischief]
 12499 | D:8      | Killed Harold
 12540 | D:8      | Reached skill level 7 in Axes
 12541 | D:8      | Reached XP level 11. HP: 42/61 MP: 9/17
 12837 | D:8      | XOM: scenery: 2 doors open, 2 doors close
 12850 | D:9      | Reached ***** piety under Uskayaw
 12862 | D:9      | Reached ****** piety under Uskayaw
 13232 | D:9      | Reached skill level 8 in Axes
 13267 | D:9      | XOM: 2-stop teleportation journey
 13267 | D:9      | Was forgiven by Xom
 13294 | D:9      | Found a runed translucent gate.
 13294 | D:9      | Found a runed translucent gate.
 13294 | D:9      | Found a runed translucent gate.
 13294 | D:9      | Noticed raistware's ghost (novice DEFE)
 13295 | D:9      | Noticed Cab's ghost (novice DsFi)
 13821 | D:9      | Found a staircase to the Orcish Mines.
 13982 | D:9      | Identified a scroll of acquirement
 13983 | D:9      | Acquired 701 gold pieces
 13986 | D:10     | Entered Level 10 of the Dungeon
 14275 | D:10     | Reached skill level 9 in Axes
 14584 | D:10     | Found a basalt altar of Yredelemnul.
 14584 | D:10     | Found a shadowy altar of Dithmenos.
 14921 | D:11     | Noticed a manticore
 14927 | D:11     | Killed a manticore
 15121 | D:11     | Found a runed translucent door.
 15124 | D:11     | Noticed Astera's ghost (journeyman PaFi)
 15144 | D:11     | Noticed a two-headed ogre
 15152 | D:11     | Killed a two-headed ogre
 15165 | D:11     | Reached skill level 10 in Axes
 16022 | D:11     | Found a staircase to the Lair.
 16028 | D:11     | Reached skill level 11 in Axes
 16036 | D:11     | Noticed a two-headed ogre
 16051 | D:11     | Killed a two-headed ogre
 16322 | D:11     | Noticed a five-headed hydra
 16585 | D:11     | Noticed a brown ugly thing
 16594 | D:11     | Killed a brown ugly thing
 16780 | D:11     | Noticed a purple ugly thing
 16790 | D:11     | Killed a purple ugly thing
 16986 | D:12     | Noticed a boulder beetle
 17049 | D:12     | Killed a boulder beetle
 17050 | D:12     | Reached skill level 12 in Axes
 17050 | D:12     | Reached XP level 12. HP: 59/65 MP: 18/18
 17266 | D:12     | Noticed Fannar
 17567 | Lair:1   | Entered Level 1 of the Lair of Beasts
 17905 | Lair:1   | Reached skill level 13 in Axes
 18029 | Lair:1   | Noticed Gastronok
 18039 | Lair:1   | Killed Gastronok
 18597 | Lair:2   | You fall into a shaft and drop 1 floor!
 18687 | Lair:3   | Identified the +12 whip of Ashenzari's Reproof {vorpal,
                  | *Rage rElec rPois rN+}
 18693 | Lair:3   | Reached skill level 14 in Axes
 19063 | Lair:3   | Reached skill level 15 in Axes
 19357 | Lair:3   | Reached XP level 13. HP: 70/70 MP: 19/19
 20489 | Lair:2   | Found a staircase to the Snake Pit.
 20547 | Lair:2   | Found a staircase to the Shoals.
 21422 | Lair:4   | Found a gate leading to a gauntlet.
 21431 | Gauntlet | Entered a Gauntlet
 21431 | Gauntlet | Found a transporter.
 21431 | Gauntlet | Found a transporter.
 21526 | Gauntlet | Found a transporter.
 21537 | Gauntlet | Found a runed translucent door.
 21540 | Gauntlet | Found a transporter.
 21555 | Gauntlet | Found a transporter.
 21555 | Gauntlet | Found a transporter.
 21555 | Gauntlet | Found a transporter.
 21557 | Gauntlet | Found a transporter.
 21557 | Gauntlet | Found a transporter.
 21569 | Gauntlet | Found a transporter.
 21585 | Gauntlet | Found a transporter.
 21595 | Gauntlet | Found a transporter.
 21609 | Gauntlet | Found a transporter.
 21629 | Gauntlet | Found a transporter.
 21705 | Gauntlet | Noticed a great orb of eyes
 21705 | Gauntlet | an anaconda changed into a great orb of eyes
 21724 | Gauntlet | a great orb of eyes changed into a tyrant leech
 21738 | Gauntlet | Noticed an entropy weaver
 21738 | Gauntlet | a tyrant leech changed into an entropy weaver
 21760 | Gauntlet | an entropy weaver changed into a death yak
 21834 | Gauntlet | Noticed a ghost moth
 21834 | Gauntlet | a death yak changed into a ghost moth
 21892 | Gauntlet | Noticed an ice dragon
 21892 | Gauntlet | a swamp dragon changed into an ice dragon
 21893 | Gauntlet | Noticed a great orb of eyes
 21893 | Gauntlet | an ice dragon changed into a great orb of eyes
 21894 | Gauntlet | a great orb of eyes changed into a jorogumo
 21896 | Gauntlet | Noticed a ghost moth
 21896 | Gauntlet | a satyr changed into a ghost moth
 21898 | Gauntlet | Noticed a fire giant
 21898 | Gauntlet | a ghost moth changed into a fire giant
 21903 | Gauntlet | Noticed a frost giant
 21903 | Gauntlet | a fire giant changed into a frost giant
 21907 | Gauntlet | Noticed a dire elephant
 21907 | Gauntlet | a frost giant changed into a dire elephant
 21912 | Gauntlet | Noticed an azure jelly
 21912 | Gauntlet | a dire elephant changed into an azure jelly
 21914 | Gauntlet | an azure jelly changed into an iron troll
 21915 | Gauntlet | Noticed a quicksilver dragon
 21915 | Gauntlet | an iron troll changed into a quicksilver dragon
 21927 | Gauntlet | a ghost moth changed into an alligator
 21929 | Gauntlet | Noticed a bunyip
 21929 | Gauntlet | a radroach changed into a bunyip
 21932 | Gauntlet | Noticed a sphinx
 21932 | Gauntlet | a quicksilver dragon changed into a sphinx
 21934 | Gauntlet | Noticed a dire elephant
 21934 | Gauntlet | a sphinx changed into a dire elephant
 21937 | Gauntlet | a dire elephant changed into a catoblepas
 21943 | Gauntlet | Noticed an ettin
 21943 | Gauntlet | a catoblepas changed into an ettin
 21945 | Gauntlet | Noticed an entropy weaver
 21945 | Gauntlet | a bunyip changed into an entropy weaver
 21948 | Gauntlet | an ettin changed into a boulder beetle
 21959 | Gauntlet | Killed an entropy weaver
 21965 | Gauntlet | Noticed a fire dragon
 21965 | Gauntlet | a tyrant leech changed into a fire dragon
 21973 | Gauntlet | a fire dragon changed into a radroach
 21974 | Gauntlet | Noticed a ghost moth
 21974 | Gauntlet | a radroach changed into a ghost moth
 21978 | Gauntlet | Noticed a great orb of eyes
 21978 | Gauntlet | a ghost moth changed into a great orb of eyes
 21979 | Gauntlet | a great orb of eyes changed into a satyr
 21989 | Gauntlet | Noticed a frost giant
 21989 | Gauntlet | a boulder beetle changed into a frost giant
 21992 | Gauntlet | Noticed a fenstrider witch
 21992 | Gauntlet | a frost giant changed into a fenstrider witch
 21996 | Gauntlet | Noticed an azure jelly
 21996 | Gauntlet | a fenstrider witch changed into an azure jelly
 22001 | Gauntlet | an azure jelly changed into an alligator snapping turtle
 22002 | Gauntlet | Noticed an azure jelly
 22002 | Gauntlet | an alligator snapping turtle changed into an azure jelly
 22005 | Gauntlet | Noticed an emperor scorpion
 22005 | Gauntlet | an azure jelly changed into an emperor scorpion
 22007 | Gauntlet | Noticed a storm dragon
 22007 | Gauntlet | an emperor scorpion changed into a storm dragon
 22008 | Gauntlet | Noticed an azure jelly
 22008 | Gauntlet | a storm dragon changed into an azure jelly
 22015 | Gauntlet | an azure jelly changed into an alligator snapping turtle
 22017 | Gauntlet | Noticed a frost giant
 22017 | Gauntlet | an alligator snapping turtle changed into a frost giant
 22021 | Gauntlet | Noticed a sphinx
 22021 | Gauntlet | a frost giant changed into a sphinx
 22023 | Gauntlet | a sphinx changed into an alligator snapping turtle
 22029 | Gauntlet | Noticed a fire giant
 22029 | Gauntlet | an iron troll changed into a fire giant
 22035 | Gauntlet | Noticed a quicksilver dragon
 22035 | Gauntlet | a fire giant changed into a quicksilver dragon
 22037 | Gauntlet | a quicksilver dragon changed into an iron troll
 22038 | Gauntlet | Noticed a stone giant
 22038 | Gauntlet | an iron troll changed into a stone giant
 22039 | Gauntlet | Noticed a shadow dragon
 22039 | Gauntlet | a stone giant changed into a shadow dragon
 22042 | Gauntlet | Noticed a frost giant
 22042 | Gauntlet | a shadow dragon changed into a frost giant
 22044 | Gauntlet | Noticed a minotaur
 22044 | Gauntlet | a frost giant changed into a minotaur
 22045 | Gauntlet | Noticed an emperor scorpion
 22045 | Gauntlet | a minotaur changed into an emperor scorpion
 22047 | Gauntlet | an emperor scorpion changed into a death yak
 22053 | Gauntlet | Noticed an emperor scorpion
 22053 | Gauntlet | a death yak changed into an emperor scorpion
 22057 | Gauntlet | Noticed a ghost moth
 22057 | Gauntlet | an emperor scorpion changed into a ghost moth
 22064 | Gauntlet | a ghost moth changed into a radroach
 22066 | Gauntlet | Noticed a great orb of eyes
 22066 | Gauntlet | a radroach changed into a great orb of eyes
 22074 | Gauntlet | a great orb of eyes changed into a satyr
 22082 | Gauntlet | Noticed a spark wasp
 22082 | Gauntlet | a boulder beetle changed into a spark wasp
 22086 | Gauntlet | Noticed an ice dragon
 22086 | Gauntlet | a spark wasp changed into an ice dragon
 22092 | Gauntlet | an ice dragon changed into an anaconda
 22201 | Gauntlet | Identified the +1 pair of boots of the Playwright {Int+3}
 22313 | Gauntlet | Noticed a minotaur
 22325 | Gauntlet | Killed a minotaur
 22679 | Lair:4   | Reached skill level 10 in Dodging
 22848 | Lair:4   | HP: 1/72 [rime drake/flash freeze (18)]
 22849 | Lair:4   | Succumbed to a cane toad's poison

Illustrated notes

Levels and vault maps discovered:
D:1:      dpeg_arrival_pits, layout_loops_ring, minmay_cupped
D:2:      kennysheep_six_static_rooms, layout_rooms,
          hellmonk_ecumenical_altar_inner_sanctum, chequers_arboretum
D:3:      layout_loops_corners, nicolae_gozag_zags_fifth_avenue
D:4:      layout_cave_pools, mainiacjoe_overflow_brackets,
          minmay_temple_entry_statues_pillars, nicolae_wooded_promenade
D:5:      corexii_shantytown, layout_loops_corners, xom_confusion_cloud,
          fedhas_ov_isle_minmay, nicolae_underground_beach
D:6:      layout_basic, nemelex_diamond_rough_becter, mainiacjoe_overflow_paths,
          amcnicky_altar_gilded, nicolae_shop_clearance
D:7:      layout_basic, nicolae_qazlal_style_of_elements, okawaru_trees_1,
          nicolae_overflow_crystal_walls, minmay_misc_feat_room,
          hangedman_feature_mirror, uniq_crazy_yiuf_cottage
D:8:      cheibrodos_barr_body, layout_loops_corners,
          ashenzari_conservatory_becter, nicolae_shop_unique_rings,
          uniq_maurice, uniq_grum, uniq_erica, uniq_harold
D:9:      layout_cave_pools, david_orc_5, gammafunk_ghost_cemetery
D:10:     layout_gridville, gammafunk_temple_overflow_statue, dk_noncrumbling_4
D:11:     minmay_evil_eye, layout_grid_maze, grunt_lair_entry_orc_guard_hut,
          gammafunk_ghost_grave
D:12:     cheibrodos_breeding_chamber, layout_loops_ring, uniq_frances,
          uniq_fannar
Temple:   nicolae_temple_figure_zero
Lair:1:   layout_small_grid, grunt_megastairs_5, uniq_gastronok
Lair:2:   layout_cave_pods, elwin_shoals_entry_rocks, dummy_snake_entry,
          serial_bayou_shore_a, grunt_megastairs_2, serial_bayou_shore_b
Lair:3:   layout_loops_ring, special_room [special_room_bee],
          serial_bayou_pond_e
Lair:4:   layout_loops_ring, gauntlet_entry_generic, guppyfry_lair_drakes,
          serial_bayou_shore_b, lemuel_fruit_fields, uniq_sonja

Skill      XL: |  1  2  3  4  5  6  7  8  9 10 11 12 13 |
---------------+----------------------------------------+-----
Fighting       | 4 5 6 7 8 9 |  9.7
Dodging        | 3 4 5 6 7 10 | 10.6
Invocations    | 1 2 4 6 |  6.0
Spellcasting   | 1 3 4 |  4.0
Transmutations | 1 2 |  2.0
Ice Magic      | 1 3 4 5 |  5.0
Evocations     | 3 6 |  6.6
Axes           | 4 7 12 15 | 15.8
Polearms       | |  3.0

Action                   |  1- 3 |  4- 6 |  7- 9 | 10-12 | 13-15 || total
-------------------------+-------+-------+-------+-------+-------++-------
Melee: Spear             |    37 |   157 |   374 |    72 |       ||   640
       Whip              |    34 |       |       |       |       ||    34
       Constrict         |    13 |    32 |    55 |    71 |    22 ||   193
       Tentacles         |     6 |    23 |    86 |   115 |    51 ||   281
       Punch             |       |     3 |    12 |     7 |     1 ||    23
       Broad axe         |       |       |       |   327 |   194 ||   521
       Flail             |       |       |       |       |    15 ||    15
Throw: Dart              |     4 |     5 |     1 |    11 |       ||    21
       Boomerang         |       |       |     2 |       |       ||     2
       Throwing net      |       |       |       |       |     1 ||     1
 Cast: Frozen Ramparts   |       |       |     9 |    39 |    16 ||    64
Invok: Stomp             |       |       |     1 |       |       ||     1
Evoke: Wand              |       |       |     8 |    21 |    10 ||    39
  Use: Scroll            |       |     7 |    10 |    18 |     1 ||    36
       Potion            |       |       |     1 |     2 |     4 ||     7
 Stab: Sleeping          |     9 |    21 |     6 |     4 |     2 ||    42
       Distracted        |       |     1 |       |     1 |     2 ||     4
       Paralysed         |       |     1 |    21 |    43 |    42 ||   107
       Invisible         |       |       |       |       |     1 ||     1
Armor: Skin              |     5 |    17 |    58 |    61 |    40 ||   181
Dodge: Dodged            |    48 |    50 |   191 |   298 |   116 ||   703

Table legend: (Time is in decaauts)
 A = Elapsed time spent in this place.
 B = Non-inter-level travel time spent in this place.
 C = Inter-level travel time spent in this place.
 D = Time resting spent in this place.
 E = Time spent auto-exploring this place.
 F = Levels seen in this place.
 G = Mean time per level.
                   A        B        C        D        E       F      G
               +--------+--------+--------+--------+--------+-----+--------+
         Total |  22822 |  22214 |    608 |   6499 |  11878 |  18 | 1267.9 |
       Dungeon |  17386 |  16873 |    513 |   4896 |   9222 |  12 | 1448.8 |
        Temple |    191 |    180 |     11 |      0 |    158 |   1 |  191.0 |
          Lair |   4263 |   4179 |     84 |   1194 |   2294 |   4 | 1065.8 |
      Gauntlet |    980 |    980 |      0 |    408 |    204 |   1 |  980.0 |
               +--------+--------+--------+--------+--------+-----+--------+

Top non-repeatable levels by time:
     D:8: 3264 daAuts
     D:7: 2348 daAuts
     D:5: 2259 daAuts
    D:11: 2136 daAuts
  Lair:2: 1433 daAuts
     D:6: 1315 daAuts
  Lair:3: 1310 daAuts
     D:1: 1238 daAuts
  Lair:1: 1040 daAuts
     D:9: 982 daAuts
Gauntlet: 980 daAuts
    D:10: 934 daAuts
     D:4: 901 daAuts
     D:3: 849 daAuts
     D:2: 633 daAuts
